 Dungeon Crawl Stone Soup version 0.29-a0-474-gdfe5cd140f (webtiles) character file.

Game seed: 15532792462754237167

159 omnomnOMINOUS the Vexing (level 5, -9/34 HPs)
             Began as an Octopode Wanderer on May 24, 2022.
             Was a Follower of Vehumet.
             Killed from afar by an orc (43 damage)
             ... with a bolt of acid
             ... on level 4 of the Dungeon.
             The game lasted 00:08:33 (3391 turns).

omnomnOMINOUS the Vexing (Octopode Wanderer)        Turns: 3391, Time: 00:08:38

Health: -9/34      AC:  1    Str: 10    XL:     5   Next: 40%
Magic:  9/9        EV: 13    Int: 17    God:    Vehumet [*.....]
Gold:   167        SH:  0    Dex: 12    Spells: 4/9 levels left

rFire   . . .      SeeInvis .   a - +8 whip of the Shrinking Ass {flame, Will+}
rCold   . . .      Faith    .   (no shield)
rNeg    . . .      Spirit   .   c - +0 hat
rPois   +          Reflect  .   (no amulet)
rElec   .          Harm     .   g - ring of poison resistance
rCorr   .          Rampage  .   (no ring)
Will    +....                   (no ring)
Stlth   ++........              (no ring)
HPRegen 0.11/turn               (no ring)
MPRegen 0.11/turn               (no ring)
                                (no ring)
                                (no ring)

@: no status effects
A: almost no armour, amphibious, 8 rings, camouflage 1, gelatinous body 1,
(nimble swimmer 1), tentacles
a: Renounce Religion


You were on level 4 of the Dungeon.
You worshipped Vehumet.
Vehumet was aware of your devotion.
You visited 1 branch of the dungeon, and saw 4 of its levels.

You collected 167 gold pieces.

Inventory:

Hand Weapons
 a - the +8 whip of the Shrinking Ass (weapon) {flame, Will+}
   (You found it on level 2 of the Dungeon)

   It burns those it strikes, dealing additional fire damage.
   Will:      It increases your willpower.
 b - a +3 dagger
Armour
 c - a +0 hat (worn)
Magical Staves
 f - a staff of death
 h - a staff of cold
Jewellery
 g - a ring of poison resistance (left tentacle)
Scrolls
 e - 6 scrolls of identify {unknown}
 j - a scroll of fear {unknown}
 n - a scroll of fog {unknown}
 o - a scroll of blinking {unknown}
 p - a scroll of summoning {unknown}
Potions
 d - a potion of resistance {unknown}
 i - a potion of haste
 k - 2 potions of brilliance {unknown}
 l - a potion of heal wounds {unknown}
 m - a potion of degeneration {unknown}
 q - a potion of attraction {unknown}
 r - a potion of curing {unknown}


   Skills:
 + Level 2.0 Fighting
 + Level 3.0 Dodging
 + Level 2.9 Spellcasting
 + Level 2.3 Conjurations
 - Level 5.0 Hexes
 + Level 1.4 Earth Magic


You had 4 spell levels left.
You knew the following spells:

 Your Spells              Type           Power      Damage    Failure   Level
a - Stone Arrow           Conj/Erth      18%        3d8       24%         3
b - Passwall              Tmut/Erth      3%         N/A       21%         2

Your spell library contained the following spells:

 Spells                   Type           Power      Damage    Failure   Level
 Magic Dart               Conj           40%        1d5       7%          1
 Slow                     Hex            76%        N/A       2%          1
 Sandblast                Erth           14%        2d6       10%         1
 Shock                    Conj/Air       24%        1d4       11%         1
 Dazzling Flash           Conj/Hex       30%        N/A       12%         3
 Sublimation of Blood     Necr           2%         N/A       26%         2
 Mephitic Cloud           Conj/Pois/Air  5%         N/A       36%         3
 Fulminant Prism          Conj/Hex       7%         3d7       36%         4
 Petrify                  Tmut/Erth      4%         N/A       78%         4
 Irradiate                Conj/Tmut      3%         3d14      97%         5


Dungeon Overview and Level Annotations

Branches:
Dungeon (4/15)
 Temple: D:4-7

Altars:
Vehumet

Shops:
D:2 *

Annotations:
D:3 Grinder
D:4 exclusion: phantom


Innate Abilities, Weirdness & Mutations

You cannot wear most types of armour.
You are amphibious.
You can wear up to eight rings at the same time.
Your skin changes colour to match your surroundings (Stealth+).
Your rubbery body absorbs attacks. (AC +1, EV +1)
((You are camouflaged when in or above water. (Stealth+)))
You have tentacles for arms and can constrict up to eight enemies at once.


Message History

An endoplasm comes into view.
The helpless endoplasm fails to defend itself.
You hit the endoplasm. You burn the endoplasm.
You kill the endoplasm!
Vehumet accepts your kill.
You hear the brisk hiss of an avalanche of sand nearby.
No target in view!
Unknown command.
An endoplasm comes into view.
Found 18 gold pieces.
Found 6 poisoned darts.
Found a stone staircase leading up.
You now have 167 gold pieces (gained 18).
You open the door.
There is an open door here.
Found a scale mail.
You see here 6 poisoned darts.
The endoplasm quivers.
You hit the endoplasm. You burn the endoplasm.
You kill the endoplasm!
Vehumet accepts your kill.
No target in view!
You hear the brisk hiss of a distant avalanche of sand.
A dart slug comes into view.
An adder comes into view.
An orc comes into view.
It is wielding a +0 hand axe and carrying a wand of acid (15).
The helpless endoplasm fails to defend itself.
You hit the endoplasm. You burn the endoplasm.
The orc shouts!
You squeeze the endoplasm.
You kill the endoplasm!
Vehumet accepts your kill.
You hit the dart slug. You burn the dart slug. You grab the dart slug.
You tentacle-slap the dart slug.
The dart slug is almost dead.
You constrict the dart slug.
The iguana hisses angrily.
The adder misses you.
The orc zaps a wand.
The bolt of acid hits you!!!
Ouch! That really hurt!
You die...

......#...# ......#.............
......+...# .......'.............
......#)..#... ....#.............
.................................
......####.###.##.#.##.#########.
####..####.###o##.#.##......#.##.
#................##......#....
#..##.###.##.#.#.##......#....
#............@.#.........#....
####..##.#.##.#S#w#.##......#####
......##........#...##.##........
.........#.#.$....#.##..#........
......##.#......#.#.....#........
......##...#........##..#........
......##.#.#.#l##.#.##.##........
##.......#...... ..........######
.#....##.# #.# ###.##.....#....#


You could see an iguana, an adder, a dart slug and an orc.

Vanquished Creatures
  An iguana (D:4)
  6 adders
  2 worms (D:2)
  2 dart slugs
  6 bats
  9 endoplasms
  5 giant cockroaches
  9 goblins
  6 hobgoblins
  2 jackals (D:1)
  2 quokkas
  2 ball pythons
  3 frilled lizards
  5 kobolds
  9 rats
69 creatures vanquished.

Notes
Turn   | Place    | Note
-------+----------+-------------------------------------------
     0 | D:1      | omnomnOMINOUS the Octopode Wanderer began the quest for the
                  | Orb.
     0 | D:1      | omnomnOMINOUS set off with the following items: a +0
                  | dagger, a potion of haste, a +0 hat; and the following
                  | spells available to memorise: Slow, Shock, Dazzling Flash,
                  | Mephitic Cloud, Fulminant Prism
     0 | D:1      | Reached XP level 1. HP: 11/11 MP: 3/3
   330 | D:1      | Reached XP level 2. HP: 9/18 MP: 5/5
   896 | D:1      | Reached skill level 1 in Fighting
   992 | D:1      | Reached XP level 3. HP: 20/23 MP: 6/6
   996 | D:1      | Learned a level 3 spell: Stone Arrow
  1793 | D:2      | Reached XP level 4. HP: 24/28 MP: 7/7
  1937 | D:2      | Identified the +8 whip of the Shrinking Ass {flame, Will+}
  2137 | D:2      | Found Hiumasip's Assorted Antiques.
  2427 | D:2      | Reached skill level 1 in Earth Magic
  2752 | D:3      | Found a faded altar of an unknown god.
  2755 | D:3      | Prayed at the altar of an unknown god.
  2755 | D:3      | Became a worshipper of Vehumet
  2755 | D:3      | Reached * piety under Vehumet
  2755 | D:3      | Offered knowledge of Magic Dart by Vehumet.
  2759 | D:3      | Learned a level 2 spell: Passwall
  2919 | D:3      | Noticed Grinder
  3087 | D:4      | Reached XP level 5. HP: 32/34 MP: 9/9
  3294 | D:4      | Noticed a phantom
  3391 | D:4      | Killed from afar by an orc

Illustrated notes

Levels and vault maps discovered:
D:1:      amcnicky_arrival_choice, layout_basic
D:2:      layout_loops_cross, serial_shops, shop, minmay_quadrilaterals
D:3:      layout_loops_ring, shapermc_ecumenical_altar_hornbeckon, uniq_grinder
D:4:      layout_gridville, nicolae_ossuary_entry_plus, minmay_diced_spiral

Skill      XL: |  1  2  3  4  5 |
---------------+----------------+-----
Fighting       | 1 2 |  2.0
Conjurations   | 2 |  2.3
Earth Magic    | 1 |  1.4
Dodging        | 3 |  3.0
Spellcasting   | |  2.9
Hexes          | |  5.0

Action                   |  1- 3 |  4- 6 || total
-------------------------+-------+-------++-------
Melee: Dagger            |    59 |       ||    59
       Constrict         |    25 |     9 ||    34
       Tentacles         |    13 |    10 ||    23
       Punch             |     1 |     2 ||     3
       Mace              |    20 |     6 ||    26
       Whip              |       |    48 ||    48
 Stab: Sleeping          |     6 |     7 ||    13
Armor: Skin              |     2 |     1 ||     3
Dodge: Dodged            |    51 |    32 ||    83

Table legend: (Time is in decaauts)
 A = Elapsed time spent in this place.
 B = Non-inter-level travel time spent in this place.
 C = Inter-level travel time spent in this place.
 D = Time resting spent in this place.
 E = Time spent auto-exploring this place.
 F = Levels seen in this place.
 G = Mean time per level.
                   A        B        C        D        E       F      G
               +--------+--------+--------+--------+--------+-----+--------+
         Total |   3401 |   3289 |    112 |    415 |   2260 |   4 |  850.2 |
       Dungeon |   3401 |   3289 |    112 |    415 |   2260 |   4 |  850.2 |
               +--------+--------+--------+--------+--------+-----+--------+

Top non-repeatable levels by time:
     D:1: 1557 daAuts
     D:2: 1055 daAuts
     D:4: 460 daAuts
     D:3: 328 daAuts
